 Dungeon Crawl Stone Soup version 0.26-a0-812-g31a745ddcd (webtiles) character file.

Game seed: 7404487375696868242

79 night the Digger (level 4, 0/30 HPs)
             Began as a Demonspawn Earth Elementalist on Dec 2, 2020.
             Slain by a kobold
             ... wielding a +0 club
              (2 damage)
             ... on level 2 of the Dungeon.
             The game lasted 00:05:01 (1704 turns).

night the Digger (Demonspawn Earth Elementalist)    Turns: 1704, Time: 00:05:02

Health: 0/30       AC:  3    Str:  8    XL:     4   Next: 16%
Magic:  5/8        EV: 12    Int: 17    God:
Gold:   62         SH:  0    Dex: 14    Spells: 5/9 levels left

rFire    + . .     SeeInvis .   a - -1 whip (curse)
rCold    x . .     Faith    .   (no shield)
rNeg     . . .     Spirit   .   c - +0 robe
rPois    .         Reflect  .   (helmet restricted)
rElec    .         Harm     .   (no cloak)
rCorr    .         Rampage  .   (no gloves)
MR       .....                  i - +0 pair of boots
Stlth    ++........             (no amulet)
HPRegen  0.10/turn              j - ring of fire
MPRegen  0.11/turn              (no ring)

@: no status effects
A: antennae 2
a: no special abilities


You were on level 2 of the Dungeon.
You visited 1 branch of the dungeon, and saw 2 of its levels.

You collected 62 gold pieces.

Inventory:

Hand Weapons
 a - a cursed -1 whip (weapon)
 f - a cursed -1 whip
Missiles
 b - 5 stones (quivered)
 d - 2 throwing nets
 e - 34 sling bullets
 l - 15 arrows
 m - 5 poisoned darts
Armour
 c - a +0 robe (worn)
 i - a +0 pair of boots (worn)
Jewellery
 j - a ring of fire (left hand)
Scrolls
 g - a scroll of identify
 h - 2 scrolls of teleportation
Potions
 k - 2 potions of lignification


   Skills:
 - Level 1.7 Dodging
 - Level 1.7 Stealth
 + Level 3.2 Spellcasting
   Level 0.8 Transmutations
 + Level 3.7 Earth Magic


You had 5 spell levels left.
You knew the following spells:

 Your Spells              Type           Power        Failure   Level
a - Sandblast             Erth           ###...       3%          1
b - Stone Arrow           Conj/Erth      #.....       24%         3

Your spell library contained the following spells:

 Spells                   Type           Power        Failure   Level
 Passwall                 Tmut/Erth      ##......     10%         2
 Petrify                  Tmut/Erth      ##......     54%         4
 Lee's Rapid Deconstruct  Erth           ###.......   71%         5


Dungeon Overview and Level Annotations

Branches:
Dungeon (2/15)

Altars:


Innate Abilities, Weirdness & Mutations

You have a pair of antennae on your head.


Message History

Press: ? - help, Shift-Dir - straight line, f/p - kobold
Aim: a kobold, wielding a +0 club, wearing a +0 plate armour and wearing a +0 buckler The blast of sand hits the kobold but does no damage.
b - 5 stones The dart slug barely misses you.
The kobold hits you but does no damage. The dart slug misses you.
You hit the dart slug but do no damage.
The dart slug is moderately wounded.
The kobold hits you but does no damage.
You hit the dart slug but do no damage.
The dart slug is moderately wounded.
The dart slug bites you but does no damage.
The kobold barely misses you.
You hit the dart slug.
The dart slug is severely wounded.
The dart slug launches a dart at you. The slug dart hits you.
* * * LOW HITPOINT WARNING * * *
The kobold hits you with a +0 club.
You die...

#.....## ##.#
...>...## ##..#
........####...##
....)...+.......#
....)...####...##
.......## ##..#
#.....## ##.#
##...#########.###
##.........##.K@#
#.#######.####w#
#.#######.# #.#
###.........# #.#
#.......###.# #.#
......#.# #.# #.#
.....##.###.####.#
....รท............#
....#######.######


You could see a dart slug and a kobold.

Vanquished Creatures
  A hound skeleton (D:2)
  2 adders (D:2)
  2 oozes
  A dart slug (D:2)
  A leopard gecko (D:2)
  A giant cockroach (D:1)
  3 hobgoblins
  7 jackals (D:2)
  2 kobolds (D:1)
  A ball python (D:1)
  3 bats
  4 frilled lizards
  5 goblins
  5 rats (D:1)
38 creatures vanquished.

Notes
Turn   | Place    | Note
-------+----------+-------------------------------------------
     0 | D:1      | night the Demonspawn Earth Elementalist began the quest for
                  | the Orb.
     0 | D:1      | Reached XP level 1. HP: 13/13 MP: 3/3
   284 | D:1      | Gained mutation: You have a pair of small antennae on your
                  | head. [demonic ancestry]
   284 | D:1      | Reached XP level 2. HP: 16/19 MP: 1/5
   752 | D:2      | Gained mutation: You have a pair of antennae on your head.
                  | [demonic ancestry]
   752 | D:2      | Reached XP level 3. HP: 14/24 MP: 4/7
   757 | D:2      | Learned a level 3 spell: Stone Arrow
  1542 | D:2      | Reached XP level 4. HP: 30/30 MP: 4/8
  1626 | D:2      | HP: 4/30 [kobold/+0 club (4)]
  1666 | D:2      | HP: 4/30 [kobold/+0 club (3)]
  1699 | D:2      | HP: 3/30 [kobold/+0 club (4)]
  1704 | D:2      | HP: 2/30 [dart slug/slug dart (1)]
  1704 | D:2      | Slain by a kobold

Illustrated notes

Levels and vault maps discovered:
D:1:      onia_arrival_handbag, layout_rooms, feat_on_display
D:2:      layout_loops_corners, minmay_misc_feat_plants, grunt_decor_one_mirror

Skill      XL: |  1  2  3 |
---------------+----------+-----
Earth Magic    | 3 |  3.7
Spellcasting   | 3 |  3.2
Dodging        | |  1.7
Stealth        | |  1.7
Transmutations | |  0.8

Action                   |  1- 3 |  4- 6 || total
-------------------------+-------+-------++-------
Melee: Whip              |    65 |    12 ||    77
 Cast: Sandblast         |    36 |    14 ||    50
  Use: Scroll            |     6 |       ||     6
 Stab: Sleeping          |     1 |       ||     1
Armor: Robe              |    22 |     6 ||    28
Dodge: Dodged            |    58 |    10 ||    68

Table legend: (Time is in decaauts)
 A = Elapsed time spent in this place.
 B = Non-inter-level travel time spent in this place.
 C = Inter-level travel time spent in this place.
 D = Time resting spent in this place.
 E = Time spent auto-exploring this place.
 F = Levels seen in this place.
 G = Mean time per level.
                   A        B        C        D        E       F      G
               +--------+--------+--------+--------+--------+-----+--------+
         Total |   1711 |   1686 |     25 |    256 |    952 |   2 |  855.5 |
       Dungeon |   1711 |   1686 |     25 |    256 |    952 |   2 |  855.5 |
               +--------+--------+--------+--------+--------+-----+--------+

Top non-repeatable levels by time:
     D:2: 1027 daAuts
     D:1: 684 daAuts
